 Dungeon Crawl Stone Soup version 0.20.1-1-g8b1a95d (webtiles) character file.

6047 panicbit the Cleaver (level 10, -1/90 HPs)
             Began as a Minotaur Fighter on July 5, 2017.
             Was a Priest of Okawaru.
             Slain by Thomus's ghost (17 damage)
             ... in a bailey.
             The game lasted 00:23:07 (7108 turns).

panicbit the Cleaver (Minotaur Fighter)             Turns: 7108, Time: 00:23:08

Health: -1/90      AC: 10    Str: 20    XL:     10   Next: 57%
Magic:  9/9        EV: 14    Int:  5    God:    Okawaru [***...]
Gold:   470        SH: 11    Dex: 14    Spells: 9/9 levels left

rFire    + . .     SeeInvis .   F - +1 war axe (flame)
rCold    x . .     Gourm    .   c - +0 shield
rNeg     + . .     Faith    .   J - +0 ring mail of the Desolation of Salt {rF+ rC- rN+}
rPois    +         Spirit   .   (helmet restricted)
rElec    .         Reflect  .   L - +0 cloak
rCorr    .         Harm     .   H - +0 pair of gloves
MR       .....                  y - +0 pair of boots
Stlth    +.........             (no amulet)
Regen    0.3/turn               s - ring of poison resistance
MPRegen  0.2/turn               v - +3 ring of evasion

@: no status effects
A: retaliatory headbutt, horns 2
a: Heroism, Renounce Religion


You were in a bailey.
You worshipped Okawaru.
Okawaru was most pleased with you.
You were not hungry.

You visited 2 branches of the dungeon, and saw 10 of its levels.
You also visited: Sewer, Ossuary and Bailey.

You collected 470 gold pieces.

Inventory:

Hand Weapons
 F - a +1 war axe of flaming (weapon)
Armour
 c - a +0 shield (worn)
 y - a +0 pair of boots (worn)
 z - a +0 plate armour
 H - a +0 pair of gloves (worn)
 J - the +0 ring mail of the Desolation of Salt (worn) {rF+ rC- rN+}
   (You found it on level 7 of the Dungeon)

   It protects you from fire.
   It makes you vulnerable to cold.
   It protects you from negative energy.
 L - a +0 cloak (worn)
Jewellery
 s - a ring of poison resistance (left hand)
 v - a +3 ring of evasion (right hand)
 A - an uncursed ring of fire
Wands
 j - a wand of acid (9/15)
 r - a wand of random effects (29/48)
 t - a wand of disintegration (7/24)
 B - a wand of iceblast (4/15)
 G - a wand of acid (8/15)
 S - a wand of flame (16/48)
Scrolls
 i - 3 scrolls of teleportation
 k - 2 scrolls of fear
 o - 2 scrolls of enchant armour {unknown}
 p - a scroll of blinking {unknown}
 q - a scroll of silence {unknown}
 C - a scroll of remove curse
 E - 5 scrolls of identify {unknown}
 I - 2 scrolls of recharging {unknown}
 M - a scroll of random uselessness {unknown}
 O - a scroll of immolation {unknown}
 U - a scroll of enchant weapon {unknown}
Potions
 a - 2 potions of brilliance {unknown}
 d - 4 potions of might
 e - 6 potions of agility {unknown}
 g - 2 potions of flight {unknown}
 l - 2 potions of lignification {unknown}
 u - 4 potions of curing {unknown}
 w - 2 potions of haste {unknown}
 x - a potion of heal wounds {unknown}
 K - 3 potions of mutation {unknown}
 P - 2 potions of ambrosia {unknown}
Books
 m - a book of Cantrips

   Spells                             Type                      Level
   a - Confusing Touch                Hexes                        1
   b - Animate Skeleton               Necromancy                   1
   c - Summon Small Mammal            Summoning                    1
   d - Apportation                    Translocation                1
 n - a book of Flames

   Spells                             Type                      Level
   a - Flame Tongue                   Conjuration/Fire             1
   b - Throw Flame                    Conjuration/Fire             2
   c - Conjure Flame                  Conjuration/Fire             3
   d - Inner Flame                    Hexes/Fire                   3
   e - Sticky Flame                   Conjuration/Fire             4
   f - Fireball                       Conjuration/Fire             5
 D - a book of Misfortune

   Spells                             Type                      Level
   a - Confusing Touch                Hexes                        1
   b - Confuse                        Hexes                        3
   c - Gell's Gravitas                Translocation                3
   d - Petrify                        Transmutation/Earth          4
   e - Metabolic Englaciation         Hexes/Ice                    5
   f - Yara's Violent Unravelling     Hexes/Transmutation          5
 N - a book of Conjurations

   Spells                             Type                      Level
   a - Magic Dart                     Conjuration                  1
   b - Searing Ray                    Conjuration                  2
   c - Dazzling Spray                 Conjuration/Hexes            3
   d - Fulminant Prism                Conjuration/Hexes            4
   e - Force Lance                    Conjuration/Translocation    4
   f - Iskenderun's Mystic Blast      Conjuration                  4
 Q - a book of Maledictions

   Spells                             Type                      Level
   a - Corona                         Hexes                        1
   b - Ensorcelled Hibernation        Hexes/Ice                    2
   c - Confuse                        Hexes                        3
   d - Tukima's Dance                 Hexes                        3
   e - Dazzling Spray                 Conjuration/Hexes            3
Comestibles
 b - 5 royal jellies
 f - 8 bread rations
 h - 4 meat rations
 R - 3 chunks of flesh
 T - a fruit


   Skills:
 + Level 8.4 Fighting
 + Level 13.1 Axes
 + Level 7.2 Armour
 + Level 3.6 Dodging
 + Level 1.0 Stealth
 + Level 9.0 Shields
 + Level 0.6 Invocations


You had 9 spell levels left.
You didn't know any spells.

Dungeon Overview and Level Annotations

Branches:
Dungeon (9/15)             Temple (1/1) D:7
   Lair: D:8-11         Orc: D:9-12

Altars:
Ashenzari
Cheibriados
Dithmenos
Elyvilon
Fedhas
Gozag
Hepliaklqana
Kikubaaqudgha
Makhleb
Nemelex Xobeh
Okawaru
Qazlal
Ru
Sif Muna
Trog
Uskayaw
Vehumet
Xom
Yredelemnul
Zin
The Shining One

Annotations:
Bailey Thomus's ghost, novice MiBe


Innate Abilities, Weirdness & Mutations

You reflexively headbutt those who attack you in melee.
You have a pair of horns on your head.


Message History

You closely miss Thomus's ghost.
Thomus's ghost is almost destroyed.
Thomus's ghost misses you.
You closely miss Thomus's ghost.
Thomus's ghost is almost destroyed.
Thomus's ghost closely misses you. You furiously retaliate!
You headbutt Thomus's ghost, but do no damage.
You barely miss Thomus's ghost.
Thomus's ghost is almost destroyed.
You block Thomus's ghost's attack.
You miss Thomus's ghost. Your headbutt misses Thomus's ghost.
Thomus's ghost is almost destroyed.
You block Thomus's ghost's attack.
You hit Thomus's ghost but do no damage.
Thomus's ghost is almost destroyed.
Your shield and ring mail of the Desolation of Salt prevent you from hitting Thomus's ghost.
Your headbutt misses Thomus's ghost.
Thomus's ghost is almost destroyed.
Thomus's ghost hits you!
You die...

#### ##∩## ####
....##...##....
≈≈≈..#...#..≈≈≈
≈o≈≈.......≈≈o≈
o≈.......≈o
....... #...#
#.W.# ##@## ###


You could see Thomus's ghost.

Vanquished Creatures
  Erica (D:8)
  A two-headed ogre (D:9)
  Joseph (D:8)
  Grinder (D:3)
  A hippogriff (D:9)
  Sigmund (D:2)
  Menkaure (D:7)
  An orc warrior (D:7)
  2 sky beasts
  3 ice beasts
  3 phantoms
  A necrophage (D:7)
  3 ogres
  7 centaurs
  A big kobold (D:9)
  3 bullfrogs
  2 water moccasin zombies (Ossuary)
  A wyvern skeleton (D:9)
  A scorpion (D:4)
  7 killer bees
  A crimson imp (D:6)
  3 hounds
  A bullfrog skeleton (D:6)
  4 orc priests
  4 orc wizards
  4 centaur skeletons
  Crazy Yiuf (D:7)
  Terence (D:2)
  4 iguanas
  7 worker ants
  A killer bee zombie (D:8)
  2 big kobold zombies (Ossuary)
  A hound zombie (D:5)
  2 mummies (Ossuary)
  A worker ant zombie (D:5)
  A howler monkey skeleton (D:6)
  10 adders
  7 gnolls
  A river rat (D:4)
  9 oozes
  2 adder skeletons
  5 adder zombies (Ossuary)
  2 worms
  2 dart slugs
  12 leopard geckos
  27 orcs
  8 ball pythons
  14 giant cockroaches
  A gnoll zombie (Ossuary)
  7 goblins
  7 hobgoblins
  3 jackals (D:5)
  5 kobolds
  2 quokkas
  A ball python skeleton (D:4)
  10 bats
  21 frilled lizards
  5 hobgoblin zombies (Ossuary)
  A jackal skeleton (D:5)
  8 kobold zombies (Ossuary)
  A leopard gecko skeleton (D:5)
  5 orc zombies (Ossuary)
  A quokka skeleton (D:3)
  13 rats
270 creatures vanquished.

Notes
Turn   | Place    | Note
-------+----------+-------------------------------------------
     0 | D:1      | panicbit the Minotaur Fighter began the quest for the Orb.
     0 | D:1      | Reached XP level 1. HP: 19/19 MP: 0/0
    53 | D:1      | Reached XP level 2. HP: 19/27 MP: 1/1
   139 | D:1      | Reached skill level 3 in Axes
   478 | D:2      | Noticed Terence
   478 | D:2      | Noticed Sigmund
   752 | D:3      | Reached XP level 3. HP: 23/33 MP: 2/2
   753 | D:3      | Noticed a phantom
   785 | D:4      | Reached XP level 4. HP: 19/40 MP: 3/3
   923 | D:4      | Reached skill level 4 in Axes
   923 | D:4      | Reached XP level 5. HP: 20/46 MP: 4/4
  1179 | D:4      | Noticed a centaur
  1186 | D:4      | Killed a centaur
  1186 | D:4      | Reached skill level 1 in Dodging
  1186 | D:4      | Reached skill level 5 in Shields
  1301 | D:4      | Found a glowing drain.
  1317 | D:4      | Reached XP level 6. HP: 27/53 MP: 5/5
  1323 | D:4      | Reached skill level 5 in Axes
  1340 | Sewer    | Entered a sewer
  1768 | Sewer    | Reached skill level 5 in Armour
  1770 | Sewer    | Reached skill level 5 in Fighting
  1775 | Sewer    | Reached skill level 6 in Axes
  1775 | Sewer    | Reached XP level 7. HP: 35/61 MP: 6/6
  2383 | D:2      | Killed Terence
  2723 | D:2      | Killed Sigmund
  2973 | D:3      | Reached skill level 7 in Axes
  3200 | D:3      | Noticed Grinder
  3212 | D:3      | Killed Grinder
  3212 | D:3      | Reached XP level 8. HP: 64/70 MP: 7/7
  3275 | D:3      | Found a sacrificial altar of Ru.
  3454 | D:3      | Reached skill level 8 in Axes
  3579 | D:5      | Entered Level 5 of the Dungeon
  4354 | D:5      | Reached skill level 9 in Axes
  4640 | D:6      | Reached XP level 9. HP: 75/78 MP: 8/8
  4767 | D:7      | Reached skill level 10 in Axes
  4767 | D:7      | Reached skill level 1 in Stealth
  5008 | D:7      | Noticed Menkaure
  5015 | D:7      | Killed Menkaure
  5163 | D:7      | Got a warped ring mail
  5174 | D:7      | Identified the cursed +0 ring mail of the Desolation of Salt {rF+ rC- rN+} (You found it on level 7 of the Dungeon)
  5228 | D:7      | Found a staircase to the Ecumenical Temple.
  5266 | Temple   | Entered the Ecumenical Temple
  5289 | Temple   | Became a worshipper of Warmaster Okawaru
  5471 | D:7      | Found a runed door.
  5502 | D:7      | Noticed Crazy Yiuf
  5508 | D:7      | Killed Crazy Yiuf
  5745 | D:8      | Found a sand-covered staircase.
  5750 | Ossuary  | Entered an ossuary
  6088 | D:8      | Reached skill level 11 in Axes
  6148 | D:8      | Noticed Erica
  6148 | D:8      | Noticed Joseph
  6156 | D:8      | Killed Joseph
  6156 | D:8      | Reached * piety under Okawaru
  6163 | D:8      | Killed Erica
  6163 | D:8      | Reached ** piety under Okawaru
  6163 | D:8      | Reached skill level 12 in Axes
  6163 | D:8      | Reached XP level 10. HP: 55/88 MP: 9/9
  6510 | D:8      | Found a blossoming altar of Fedhas.
  7010 | D:9      | Found a flagged portal.
  7010 | D:9      | Noticed a two-headed ogre
  7022 | D:9      | Killed a two-headed ogre
  7022 | D:9      | Reached *** piety under Okawaru
  7022 | D:9      | Reached skill level 13 in Axes
  7060 | Bailey   | Entered a bailey
  7060 | Bailey   | Noticed Thomus's ghost (novice MiBe)
  7108 | Bailey   | Slain by Thomus's ghost

Skill      XL: |  1  2  3  4  5  6  7  8  9 10 |
---------------+-------------------------------+-----
Axes           | 3 4 6 7 9 12 13 | 13.1
Shields        | 4 5 6 7 8 9 |  9.0
Fighting       | 4 5 6 7 8 |  8.4
Armour         | 4 5 6 7 |  7.2
Dodging        | 1 2 3 |  3.6
Stealth        | 1 |  1.0
Invocations    | |  0.6

Action                   |  1- 3 |  4- 6 |  7- 9 | 10-12 || total
-------------------------+-------+-------+-------+-------++-------
Melee: War axe           |    54 |   141 |   392 |   115 ||   702
       Headbutt          |     9 |    23 |    84 |    22 ||   138
Invok: Heroism           |       |       |       |     3 ||     3
  Use: Scroll            |       |       |     5 |       ||     5
 Stab: Paralysed         |       |       |     1 |       ||     1
  Eat: Chunk             |       |     3 |    15 |     3 ||    21
Armor: Scale mail        |    30 |     2 |       |       ||    32
       Chain mail        |       |    87 |    33 |       ||   120
       Plate armour      |       |       |    67 |       ||    67
       Ring mail         |       |       |    20 |    27 ||    47
Dodge: Dodged            |    19 |    38 |    96 |    44 ||   197
Block: Shield            |    33 |    89 |   156 |    49 ||   327
